 Dungeon Crawl Stone Soup version 0.26-a0-863-g3bff4b215c (webtiles) character file.

Game seed: 14117050440206854474

223 miscthings the Slinger (level 6, -1/39 HPs)
             Began as a Halfling Hunter on Nov 26, 2020.
             Killed from afar by an orc wizard (3 damage)
             ... with a magic dart
             ... on level 3 of the Dungeon.
             The game lasted 00:03:56 (2005 turns).

miscthings the Slinger (Halfling Hunter)            Turns: 2005, Time: 00:03:57

Health: -1/39      AC:  7    Str: 11    XL:     6   Next: 20%
Magic:  6/6        EV: 14    Int:  9    God:
Gold:   79         SH:  0    Dex: 15    Spells: 5/5 levels left

rFire    . . .     SeeInvis .   a - +1 hunting sling
rCold    . . .     Faith    .   (shield restricted)
rNeg     . . .     Spirit   .   c - +0 leather armour
rPois    .         Reflect  .   (no helmet)
rElec    .         Harm     .   (no cloak)
rCorr    .         Rampage  .   (no gloves)
MR       .....                  (no boots)
Stlth    ++........             (no amulet)
HPRegen  0.13/turn              e - +4 ring of protection
MPRegen  0.10/turn              k - -4 ring of strength (curse)

@: no status effects
A: small, mutation resistance 1
a: no special abilities


You were on level 3 of the Dungeon.
You visited 1 branch of the dungeon, and saw 3 of its levels.

You collected 79 gold pieces.

Inventory:

Hand Weapons
 a - a +1 hunting sling (weapon)
 b - a +0 short sword
Missiles
 d - 15 sling bullets
 f - 2 stones (quivered)
Armour
 c - a +0 leather armour (worn)
 p - a +0 helmet
Jewellery
 e - a +4 ring of protection (left hand)
 k - a cursed -4 ring of strength (right hand)
Scrolls
 g - a scroll of teleportation {unknown}
 h - 2 scrolls of remove curse {unknown}
 j - 5 scrolls of identify {unknown}
 l - a scroll of random uselessness {unknown}
 m - 3 scrolls of fear {unknown}
 q - a scroll of enchant armour {unknown}
Potions
 i - a potion of brilliance {unknown}
 n - a potion of degeneration {unknown}
 o - a potion of invisibility {unknown}
 r - a potion of curing {unknown}


   Skills:
 - Level 1.7 Fighting
 + Level 10.0 Slings
 - Level 2.1 Dodging
 - Level 1.1 Stealth


You had 5 spell levels left.
You didn't know any spells.
Your spell library was empty.

Dungeon Overview and Level Annotations

Branches:
Dungeon (3/15)

Altars:
Fedhas


Innate Abilities, Weirdness & Mutations

You are small and have problems with some larger weapons.
You are somewhat resistant to further mutation.


Message History

You shoot a stone.
The stone closely misses the orc wizard.
The orc wizard points at you and mumbles some strange words.
The magic dart hits you.
* * * LOW HITPOINT WARNING * * *
Firing (i - inventory. (/) - cycle)
f - 4 stones (quivered)
Press: ? - help, Shift-Dir - straight line, f - orc wizard
Aim: an orc wizard, wielding a +0 dagger and wearing a +0 robe (heavily wounded, fast)
You shoot a stone.
The stone closely misses the orc wizard.
The orc wizard hits you with a +0 dagger.
* * * LOW HITPOINT WARNING * * *
Firing (i - inventory. (/) - cycle)
f - 3 stones (quivered)
Press: ? - help, Shift-Dir - straight line, f/p - orc wizard
Aim: an orc wizard, wielding a +0 dagger and wearing a +0 robe (heavily wounded, fast)
You shoot a stone.
The stone closely misses the orc wizard.
The orc wizard points at you and mumbles some strange words.
The magic dart hits you.
You die...

### ## ###.. .. ...#
##.#.##.#####
#........†@o##
..#.##.####)#
....##.## #.#####o#
#.)......###oo.)o.o#
#.###.#.#.##########
. #.#.....#
....#.##)#.#
##....##.###
#.###.....#


You could see an orc wizard (fast).

Vanquished Creatures
  2 orc priests
  An orc wizard (D:2)
  Robin (D:2)
  4 adders
  An ooze (D:1)
  2 worms (D:2)
  3 dart slugs (D:1)
  A leopard gecko (D:2)
  4 orcs
  A giant cockroach (D:1)
  16 goblins
  6 hobgoblins
  8 jackals (D:1)
  9 kobolds
  A quokka (D:2)
  3 bats
  3 frilled lizards (D:1)
  5 rats
71 creatures vanquished.

Notes
Turn   | Place    | Note
-------+----------+-------------------------------------------
     0 | D:1      | miscthings the Halfling Hunter began the quest for the Orb.
     0 | D:1      | Reached XP level 1. HP: 14/14 MP: 1/1
    33 | D:1      | Reached skill level 6 in Slings
    52 | D:1      | Reached XP level 2. HP: 16/19 MP: 2/2
   297 | D:1      | Reached skill level 7 in Slings
   297 | D:1      | Reached XP level 3. HP: 24/24 MP: 3/3
  1081 | D:2      | Reached XP level 4. HP: 29/29 MP: 4/4
  1193 | D:2      | Reached skill level 8 in Slings
  1256 | D:2      | Reached XP level 5. HP: 34/34 MP: 5/5
  1267 | D:2      | Reached skill level 9 in Slings
  1384 | D:2      | Noticed Robin
  1392 | D:2      | Killed Robin
  1464 | D:2      | Found a blossoming altar of Fedhas.
  1967 | D:3      | Reached XP level 6. HP: 21/39 MP: 6/6
  1997 | D:3      | Reached skill level 10 in Slings
  2005 | D:3      | Killed from afar by an orc wizard

Illustrated notes

Levels and vault maps discovered:
D:1:      minmay_arrival_floating_metal, layout_basic
D:2:      layout_loops_corners, fedhas_ov_isle_minmay, uniq_robin
D:3:      layout_loops_cross, serial_aquarium, aquarium_bridge_square
          [aquarium_subvault_window, aquarium_subvault_window,
          aquarium_subvault_bridge, aquarium_subvault_wall],
          aquarium_window_corridor_3, aquarium_window_fake, aquarium_window_1,
          aquarium_window_1, aquarium_view_2b, aquarium_view_2c

Skill      XL: |  1  2  3  4  5  6 |
---------------+-------------------+-----
Slings         | 6 7 8 9 10 | 10.0
Fighting       | |  1.7
Dodging        | |  2.1
Stealth        | |  1.1

Action                   |  1- 3 |  4- 6 || total
-------------------------+-------+-------++-------
 Fire: Hunting sling     |    94 |   151 ||   245
Armor: Leather armour    |     2 |    10 ||    12
Dodge: Dodged            |    11 |    37 ||    48

Table legend: (Time is in decaauts)
 A = Elapsed time spent in this place.
 B = Non-inter-level travel time spent in this place.
 C = Inter-level travel time spent in this place.
 D = Time resting spent in this place.
 E = Time spent auto-exploring this place.
 F = Levels seen in this place.
 G = Mean time per level.
                   A        B        C        D        E       F      G
               +--------+--------+--------+--------+--------+-----+--------+
         Total |   1976 |   1895 |     81 |      6 |   1479 |   3 |  658.7 |
       Dungeon |   1976 |   1895 |     81 |      6 |   1479 |   3 |  658.7 |
               +--------+--------+--------+--------+--------+-----+--------+

Top non-repeatable levels by time:
     D:1: 1083 daAuts
     D:2: 828 daAuts
     D:3: 63 daAuts
